 Dungeon Crawl Stone Soup version 0.27-a0-54-g64bdb92e38 (webtiles) character file.

Game seed: 14338956932667206494

8199 pistachioham the Ducker (level 11, -3/83 HPs)
             Began as a Gnoll Arcane Marksman on Jan 7, 2021.
             Was an Elder of Okawaru.
             Slain by a tengu warrior
             ... wielding a +0 war axe
             ... led by a tengu warrior
              (17 damage)
             ... on level 10 of the Dungeon.
             The game lasted 01:35:49 (15070 turns).

pistachioham the Ducker (Gnoll Arcane Marksman)    Turns: 15070, Time: 01:35:50

Health: -3/83      AC:  9    Str:  9    XL:     11   Next: 27%
Magic:  15/21      EV: 17    Int: 18    God:    Okawaru [****..]
Gold:   382        SH:  0    Dex: 17    Spells: 2/23 levels left

rFire    . . .     SeeInvis +   d - +7 mace of Variability {chain chaos}
rCold    . . .     Faith    +   (shield currently unavailable)
rNeg     + . .     Spirit   .   O - +0 troll leather armour
rPois    .         Reflect  .   j - +0 helmet
rElec    +         Harm     .   (no cloak)
rCorr    .         Rampage  .   H - +1 pair of gloves of Awe {rElec Regen+ Str-3 SInv}
Will     .....                  t - +0 pair of boots
Stlth    +++.......             x - amulet of faith
HPRegen  1.03/turn              o - ring of positive energy
MPRegen  0.17/turn              G - ring of wizardry

@: mighty
A: distributed training, fangs 1, strong nose
a: Renounce Religion, Heroism


You were on level 10 of the Dungeon.
You worshipped Okawaru.
Okawaru was greatly pleased with you.
You visited 2 branches of the dungeon, and saw 11 of its levels.
You also visited: Ossuary.

You collected 591 gold pieces.
You spent 209 gold pieces at shops.

Inventory:

Hand Weapons
 a - a +1 hand crossbow
 b - a +2 short sword of venom
 d - the +7 mace of Variability (weapon) {chain chaos}
   (You found it on level 9 of the Dungeon)

   Each time it hits an enemy it has a different, random effect.
 K - a +0 battleaxe
Missiles
 f - 46 poisoned darts
 g - 331 stones
 M - 2 silver boomerangs (quivered)
 N - 82 bolts
Armour
 j - a +0 helmet (worn)
 t - a +0 pair of boots (worn)
 w - a +0 leather armour of poison resistance
 H - the +1 pair of gloves of Awe (worn) {rElec Regen+ Str-3 SInv}
   (You bought it in a shop on level 8 of the Dungeon)

   It affects your strength (-3).
   It insulates you from electricity.
   It lets you see invisible.
   It increases your rate of regeneration.
 O - a +0 troll leather armour (worn)
Jewellery
 n - an uncursed amulet of the acrobat
 o - a ring of positive energy (left hand)
 p - an uncursed ring of resist corrosion
 x - an amulet of faith (around neck)
 G - a ring of wizardry (right hand)
 P - an uncursed ring of fire
Wands
 v - a wand of iceblast (10)
 B - a wand of acid (8)
Scrolls
 i - a scroll of fear
 k - 4 scrolls of blinking
 l - 8 scrolls of teleportation
 q - 10 scrolls of identify
 r - 7 scrolls of remove curse
 s - a scroll of noise
 y - 2 scrolls of fog
 E - a scroll of magic mapping
 L - a scroll of amnesia {unknown}
Potions
 c - 3 potions of curing
 h - 2 potions of brilliance {unknown}
 m - 6 potions of heal wounds {unknown}
 u - a potion of might
 z - 2 potions of haste {unknown}
 A - 2 potions of lignification {unknown}
 C - a potion of ambrosia {unknown}
 D - a potion of flight {unknown}
 F - 2 potions of resistance {unknown}
 J - a potion of invisibility {unknown}


   Skills:
 + Level 6.7 Fighting
 + Level 6.1 Short Blades
 + Level 6.1 Long Blades
 + Level 6.1 Axes
 + Level 6.1 Maces & Flails
 + Level 6.1 Polearms
 + Level 6.1 Staves
 + Level 6.1 Slings
 + Level 6.1 Bows
 + Level 7.7 Crossbows
 + Level 6.1 Throwing
 + Level 6.1 Armour
 + Level 7.7 Dodging
 + Level 6.1 Stealth
 + Level 6.1 Shields
 + Level 6.1 Unarmed Combat
 + Level 6.8 Spellcasting
 + Level 5.1 Conjurations
 + Level 7.5 Hexes
 + Level 5.1 Summonings
 + Level 5.1 Necromancy
 + Level 5.1 Translocations
 + Level 5.1 Transmutations
 + Level 5.1 Fire Magic
 + Level 5.1 Ice Magic
 + Level 5.1 Air Magic
 + Level 5.1 Earth Magic
 + Level 5.1 Poison Magic
 + Level 6.7 Invocations
 + Level 6.1 Evocations


You had 2 spell levels left.
You knew the following spells:

 Your Spells              Type           Power        Failure   Level
a - Corona                Hex            36%          1%          1
b - Searing Ray           Conj           48%          1%          2
c - Portal Projectile     Hex/Tloc       56%          1%          3
d - Inner Flame           Hex/Fire       28%          1%          3
e - Conjure Flame         Conj/Fire      24%          2%          3
f - Mephitic Cloud        Conj/Pois/Air  24%          2%          3
g - Fulminant Prism       Conj/Hex       14%          4%          4
S - Slow                  Hex            33%          1%          2

Your spell library contained the following spells:

 Spells                   Type           Power        Failure   Level
 Animate Skeleton         Necr           48%          1%          1
 Magic Dart               Conj           96%          1%          1
 Pain                     Necr           96%          1%          1
 Shock                    Conj/Air       96%          1%          1
 Blink                    Tloc           N/A          1%          2
 Call Imp                 Summ           24%          1%          2
 Poisonous Vapours        Pois/Air       48%          1%          2
 Swiftness                Air            24%          1%          2
 Confusing Touch          Hex            33%          1%          3
 Dazzling Flash           Conj/Hex       56%          1%          3
 Gell's Gravitas          Tloc           12%          2%          3
 Static Discharge         Conj/Air       24%          2%          3
 Vampiric Draining        Necr           12%          2%          3
 Cause Fear               Hex            16%          2%          4
 Leda's Liquefaction      Hex/Erth       14%          4%          4
 Airstrike                Air            12%          8%          4
 Animate Dead             Necr           12%          8%          4
 Iskenderun's Mystic Bla  Conj/Tloc      24%          8%          4
 Petrify                  Tmut/Erth      24%          8%          4
 Metabolic Englaciation   Hex/Ice        14%          12%         5
 Yara's Violent Unravell  Hex/Tmut       14%          12%         5
 Agony                    Necr           24%          21%         5
 Lightning Bolt           Conj/Air       12%          21%         5
 Freezing Cloud           Conj/Ice/Air   12%          69%         6


Dungeon Overview and Level Annotations

Branches:
Dungeon (10/15)            Temple (1/1) D:6            Lair (0/6) D:8
Ossuary (visited)
    Orc: D:9-12

Altars:
Ashenzari
Cheibriados
Dithmenos
Elyvilon
Fedhas
Gozag
Hepliaklqana
Kikubaaqudgha
Makhleb
Nemelex Xobeh
Okawaru
Qazlal
Ru
Sif Muna
Trog
Uskayaw
Vehumet
Wu Jian
Xom
Yredelemnul
Zin
The Shining One

Shops:
D:8 [


Innate Abilities, Weirdness & Mutations

Your experience applies equally to all skills.
You have very sharp teeth.
Your uncanny sense of smell can sniff out nearby items.


Message History

The tengu warrior claws something.
You hear a shout!
The tengu warrior seems less confused.
Okawaru accepts your kill.
You feel a bit more experienced.
There is an open door here.
You sock the tengu warrior!
Space bends around the tengu warrior.
The tengu warrior is heavily wounded.
The tengu warrior hits you with a +0 war axe!
* * * LOW HITPOINT WARNING * * *
The tengu warrior pecks you but does no damage.
The tengu warrior claws you.
* * * LOW HITPOINT WARNING * * *
You sock the tengu warrior!
Space bends around the tengu warrior.
The tengu warrior is almost dead.
The tengu warrior misses you.
The tengu warrior pecks you but does no damage.
The tengu warrior claws you but does no damage.
The tengu warrior hits you with a +0 war axe!
You die...

######### #....#..#........
#...#####.......)
#####........####
#........#... #........'...
.. #########........###+
.(.##...##..##'###'####.. #
........#.......+.....#.. #.
........@.......#.....#..
#.o #.####Q###+###.##..###..
#..#######.###.###.##..#....
#..)#..o.#...#.........#...†
#...'...∆#...#.........#....
#...#..o.'...#.........+....
#. #################'##....
#............#
#............#


You could see a tengu warrior.

Vanquished Creatures
  2 two-headed ogres
  3 trolls
  12 yaks
  2 chaos spawn (D:9)
  A water moccasin (D:7)
  4 orc warriors
  2 black bears
  3 sky beasts
  2 ice beasts
  3 phantoms
  3 ogres
  A necrophage (D:7)
  A centaur (D:8)
  3 elf zombies (Ossuary)
  4 bullfrogs
  A wyvern zombie (D:10)
  2 wyvern skeletons
  3 scorpions
  8 wights
  2 bullfrog zombies (D:7)
  A centaur zombie (Ossuary)
  2 human zombies (Ossuary)
  5 bullfrog skeletons
  6 hounds
  6 orc priests
  Ijyb (D:3)
  7 orc wizards
  Terence (D:2)
  3 iguanas
  5 worker ants
  2 mummies (Ossuary)
  12 adders
  2 howler monkey skeletons (D:7)
  A river rat (D:6)
  3 shadow imps
  4 white imps
  2 ufetubi
  2 oozes
  4 adder zombies
  2 adder skeletons
  3 worms
  2 dart slugs
  2 leopard geckos
  26 orcs
  2 ball pythons
  8 giant cockroaches
  6 goblins
  6 hobgoblins
  5 jackals (D:1)
  6 quokkas
  10 bats
  4 frilled lizards
  9 hobgoblin zombies (Ossuary)
  A jackal skeleton (D:4)
  A jackal zombie (Ossuary)
  7 kobolds
  8 kobold zombies (Ossuary)
  9 orc zombies (Ossuary)
  A quokka skeleton (D:4)
  8 rats
  3 rat zombies (Ossuary)
  A fulminant prism (D:9)
261 creatures vanquished.

Vanquished Creatures (others)
  7 fulminant prisms
7 creatures vanquished.

Grand Total: 268 creatures vanquished

Notes
Turn   | Place    | Note
-------+----------+-------------------------------------------
     0 | D:1      | pistachioham the Gnoll Arcane Marksman began the quest for
                  | the Orb.
     0 | D:1      | Reached XP level 1. HP: 17/17 MP: 4/4
   359 | D:1      | Reached XP level 2. HP: 21/23 MP: 5/5
  1246 | D:1      | Reached XP level 3. HP: 25/28 MP: 5/7
  1563 | D:1      | Reached skill level 1 in Invocations
  1764 | D:2      | Noticed Terence
  1807 | D:2      | Reached skill level 1 in Short Blades
  1807 | D:2      | Reached skill level 1 in Long Blades
  1807 | D:2      | Reached skill level 1 in Axes
  1807 | D:2      | Reached skill level 1 in Maces & Flails
  1807 | D:2      | Reached skill level 1 in Polearms
  1807 | D:2      | Reached skill level 1 in Staves
  1807 | D:2      | Reached skill level 1 in Slings
  1807 | D:2      | Reached skill level 1 in Bows
  1807 | D:2      | Reached skill level 1 in Throwing
  1807 | D:2      | Reached skill level 1 in Armour
  1807 | D:2      | Reached skill level 1 in Stealth
  1807 | D:2      | Reached skill level 1 in Shields
  1807 | D:2      | Reached skill level 1 in Unarmed Combat
  1807 | D:2      | Reached skill level 1 in Evocations
  1962 | D:2      | Reached XP level 4. HP: 13/34 MP: 6/8
  2250 | D:2      | Found an ornate altar of the Wu Jian Council.
  2589 | D:3      | Noticed a phantom
  2633 | D:2      | Found an opulent altar of Gozag.
  2715 | D:2      | Learned a level 2 spell: Slow
  2719 | D:2      | Learned a level 3 spell: Portal Projectile
  2723 | D:2      | Learned a level 3 spell: Inner Flame
  2738 | D:2      | Killed Terence
  2739 | D:2      | Reached skill level 1 in Conjurations
  2739 | D:2      | Reached skill level 1 in Summonings
  2739 | D:2      | Reached skill level 1 in Necromancy
  2739 | D:2      | Reached skill level 1 in Translocations
  2739 | D:2      | Reached skill level 1 in Transmutations
  2739 | D:2      | Reached skill level 1 in Fire Magic
  2739 | D:2      | Reached skill level 1 in Ice Magic
  2739 | D:2      | Reached skill level 1 in Air Magic
  2739 | D:2      | Reached skill level 1 in Earth Magic
  2739 | D:2      | Reached skill level 1 in Poison Magic
  3137 | D:3      | Reached XP level 5. HP: 33/40 MP: 7/9
  3487 | D:3      | Noticed Ijyb
  3499 | D:3      | Killed Ijyb
  3663 | D:3      | Killed a phantom
  3664 | D:3      | Reached XP level 6. HP: 18/47 MP: 9/11
  4411 | D:3      | Found a sacrificial altar of Ru.
  4605 | D:4      | Reached skill level 5 in Crossbows
  4605 | D:4      | Reached skill level 5 in Dodging
  4781 | D:5      | Entered Level 5 of the Dungeon
  5195 | D:4      | Found a blossoming altar of Fedhas.
  5485 | D:4      | Reached XP level 7. HP: 44/52 MP: 9/12
  6465 | D:5      | Found an ancient bone altar of Kikubaaqudgha.
  6622 | D:5      | Reached XP level 8. HP: 54/60 MP: 10/14
  6921 | D:5      | Found a broken altar of Ashenzari.
  7058 | D:5      | Found a stormy altar of Qazlal.
  7062 | D:5      | Found a blossoming altar of Fedhas.
  7333 | D:5      | Learned a level 3 spell: Conjure Flame
  7995 | D:6      | Found a sand-covered staircase.
  8006 | Ossuary  | Entered an ossuary
  8661 | D:6      | Reached XP level 9. HP: 56/66 MP: 16/16
  8737 | D:6      | Identified a scroll of acquirement
  8742 | D:6      | Found a staircase to the Ecumenical Temple.
  9081 | Temple   | Entered the Ecumenical Temple
  9155 | Temple   | Learned a level 3 spell: Mephitic Cloud
  9165 | Temple   | Became a worshipper of Warmaster Okawaru
  9166 | Temple   | Acquired a book of Conjurations
  9175 | Temple   | Learned a level 2 spell: Searing Ray
  9546 | D:7      | Reached skill level 5 in Spellcasting
  9785 | D:7      | Found a snail-covered altar of Cheibriados.
  9913 | D:7      | Reached skill level 5 in Fighting
 10612 | D:7      | Reached * piety under Okawaru
 10901 | D:7      | Found a shadowy altar of Dithmenos.
 11262 | D:7      | Reached skill level 5 in Invocations
 11722 | D:8      | Found Jipef's Antique Armour Boutique.
 11722 | D:8      | Noticed a two-headed ogre
 11742 | D:8      | Killed a two-headed ogre
 11742 | D:8      | Reached ** piety under Okawaru
 11743 | D:8      | Reached skill level 5 in Short Blades
 11743 | D:8      | Reached skill level 5 in Long Blades
 11743 | D:8      | Reached skill level 5 in Axes
 11743 | D:8      | Reached skill level 5 in Maces & Flails
 11743 | D:8      | Reached skill level 5 in Polearms
 11743 | D:8      | Reached skill level 5 in Staves
 11743 | D:8      | Reached skill level 5 in Slings
 11743 | D:8      | Reached skill level 5 in Bows
 11743 | D:8      | Reached skill level 5 in Throwing
 11743 | D:8      | Reached skill level 5 in Armour
 11743 | D:8      | Reached skill level 5 in Stealth
 11743 | D:8      | Reached skill level 5 in Shields
 11743 | D:8      | Reached skill level 5 in Unarmed Combat
 11743 | D:8      | Reached skill level 5 in Evocations
 11743 | D:8      | Reached XP level 10. HP: 76/76 MP: 11/18
 11811 | D:8      | Bought a pair of steaming gloves for 209 gold pieces
 11816 | D:8      | Identified the +1 pair of gloves of Awe {rElec Regen+ Str-3
                  | SInv} (You bought it in a shop on level 8 of the Dungeon)
 11938 | D:8      | Found a shimmering blue altar of Sif Muna.
 11942 | D:8      | Found a sparkling altar of Nemelex Xobeh.
 12145 | D:8      | Found a staircase to the Lair.
 12631 | D:9      | Reached *** piety under Okawaru
 12945 | D:9      | Noticed a two-headed ogre
 12964 | D:9      | Killed a two-headed ogre
 13225 | D:9      | Learned a level 4 spell: Fulminant Prism
 13483 | D:9      | Received a gift from Okawaru
 13499 | D:9      | Found a shimmering altar of Xom.
 13500 | D:9      | Found the +7 mace of Variability {chain chaos}
 13708 | D:9      | Found a glowing golden altar of the Shining One.
 13799 | D:10     | Entered Level 10 of the Dungeon
 13830 | D:10     | Reached **** piety under Okawaru
 13988 | D:10     | Reached XP level 11. HP: 83/83 MP: 20/20
 14755 | D:10     | Reached skill level 5 in Conjurations
 14755 | D:10     | Reached skill level 5 in Summonings
 14755 | D:10     | Reached skill level 5 in Necromancy
 14755 | D:10     | Reached skill level 5 in Translocations
 14755 | D:10     | Reached skill level 5 in Transmutations
 14755 | D:10     | Reached skill level 5 in Fire Magic
 14755 | D:10     | Reached skill level 5 in Ice Magic
 14755 | D:10     | Reached skill level 5 in Air Magic
 14755 | D:10     | Reached skill level 5 in Earth Magic
 14755 | D:10     | Reached skill level 5 in Poison Magic
 14876 | D:10     | Received a gift from Okawaru
 15051 | D:10     | Noticed a tengu warrior
 15051 | D:10     | Noticed a tengu warrior
 15070 | D:10     | Slain by a tengu warrior

Illustrated notes

Levels and vault maps discovered:
D:1:      dpeg_arrival_rooms_b, layout_basic, serial_aquarium,
          aquarium_bridge_straight [aquarium_subvault_bridge,
          aquarium_subvault_wall, aquarium_subvault_bridge,
          aquarium_subvault_window], aquarium_window_2, aquarium_window_corner,
          aquarium_view_2e, aquarium_view_2d
D:2:      layout_rooms, nzn_wu_jian_council_hall,
          nicolae_gozag_cash_rules_everything_around_me, uniq_terence
D:3:      layout_basic, overflow_temple_1_default, uniq_ijyb
D:4:      layout_basic, grunt_ministairs_6, fedhas_altar_fruit_tree
D:5:      minmay_diamond_boxcup, layout_basic,
          grunt_temple_overflow_forces_of_nature, kennysheep_little_box,
          kiku_gazebo_pond_becter, kennysheep_dice
D:6:      layout_cave_pools, minmay_temple_entry_offerings, enter_ossuary_1,
          portal_sewer_entry_e
D:7:      layout_basic, general_overflow_altar, minmay_misc_feat_iff,
          grunt_dithmenos_smoke_and_mirrors
D:8:      layout_loops_ring, minitemple, lair_entry_dummy, serial_shops,
          shop_fountains
D:9:      layout_loops_ring, basic_altar, minmay_guarded_unrand_variability
D:10:     layout_gridville
Temple:   nicolae_temple_hex_pool

Skill      XL: |  1  2  3  4  5  6  7  8  9 10 11 |
---------------+----------------------------------+-----
Invocations    | 1 2 3 4 5 6 |  6.7
Short Blades   | 1 2 3 5 6 |  6.1
Long Blades    | 1 2 3 5 6 |  6.1
Axes           | 1 2 3 5 6 |  6.1
Maces & Flails | 1 2 3 5 6 |  6.1
Polearms       | 1 2 3 5 6 |  6.1
Staves         | 1 2 3 5 6 |  6.1
Slings         | 1 2 3 5 6 |  6.1
Bows           | 1 2 3 5 6 |  6.1
Throwing       | 1 2 3 5 6 |  6.1
Armour         | 1 2 3 5 6 |  6.1
Stealth        | 1 2 3 5 6 |  6.1
Shields        | 1 2 3 5 6 |  6.1
Unarmed Combat | 1 2 3 5 6 |  6.1
Evocations     | 1 2 3 5 6 |  6.1
Spellcasting   | 3 4 5 6 |  6.8
Conjurations   | 1 2 3 4 5 |  5.1
Summonings     | 1 2 3 4 5 |  5.1
Necromancy     | 1 2 3 4 5 |  5.1
Translocations | 1 2 3 4 5 |  5.1
Transmutations | 1 2 3 4 5 |  5.1
Fire Magic     | 1 2 3 4 5 |  5.1
Ice Magic      | 1 2 3 4 5 |  5.1
Air Magic      | 1 2 3 4 5 |  5.1
Earth Magic    | 1 2 3 4 5 |  5.1
Poison Magic   | 1 2 3 4 5 |  5.1
Fighting       | 3 4 5 6 |  6.7
Crossbows      | 5 6 7 |  7.7
Dodging        | 5 6 7 |  7.7
Hexes          | 6 7 |  7.5

Action                   |  1- 3 |  4- 6 |  7- 9 | 10-12 || total
-------------------------+-------+-------+-------+-------++-------
Melee: Club              |   134 |     9 |       |       ||   143
       Unarmed           |    11 |       |       |       ||    11
       Bite              |    11 |     7 |    25 |     4 ||    47
       Short sword       |       |    77 |   194 |    35 ||   306
       Punch             |       |     1 |     2 |     1 ||     4
       Hand crossbow     |       |       |     1 |       ||     1
       Great mace        |       |       |       |    22 ||    22
 Fire: Hand crossbow     |     8 |    76 |   215 |   139 ||   438
Throw: Dart              |     5 |       |       |       ||     5
       Stone             |     3 |     6 |    10 |       ||    19
       Boomerang         |       |       |       |     9 ||     9
 Cast: Corona            |    44 |    30 |    34 |    16 ||   124
       Portal Projectile |       |     4 |     4 |     3 ||    11
       Slow              |       |     8 |    14 |     4 ||    26
       Inner Flame       |       |       |    20 |     7 ||    27
       Conjure Flame     |       |       |     8 |     5 ||    13
       Searing Ray       |       |       |    16 |    15 ||    31
       Mephitic Cloud    |       |       |     2 |     6 ||     8
       Fulminant Prism   |       |       |       |     8 ||     8
Invok: Heroism           |       |       |       |     1 ||     1
 Abil: Cancel Portal Pro |       |       |     1 |       ||     1
Evoke: Wand              |       |       |     1 |     1 ||     2
  Use: Scroll            |     2 |       |    13 |       ||    15
       Potion            |     1 |       |     1 |     2 ||     4
 Stab: Sleeping          |       |     2 |       |     2 ||     4
       Confused          |       |       |       |     2 ||     2
Armor: Robe              |    57 |    19 |    32 |    10 ||   118
       Troll leather arm |       |       |       |    20 ||    20
Dodge: Dodged            |   199 |    87 |   205 |    91 ||   582

Table legend: (Time is in decaauts)
 A = Elapsed time spent in this place.
 B = Non-inter-level travel time spent in this place.
 C = Inter-level travel time spent in this place.
 D = Time resting spent in this place.
 E = Time spent auto-exploring this place.
 F = Levels seen in this place.
 G = Mean time per level.
                   A        B        C        D        E       F      G
               +--------+--------+--------+--------+--------+-----+--------+
         Total |  15136 |  14760 |    376 |   5279 |   2188 |  12 | 1261.3 |
       Dungeon |  14387 |  14035 |    352 |   4990 |   2188 |  10 | 1438.7 |
        Temple |    112 |     88 |     24 |      0 |      0 |   1 |  112.0 |
       Ossuary |    636 |    636 |      0 |    289 |      0 |   1 |  636.0 |
               +--------+--------+--------+--------+--------+-----+--------+

Top non-repeatable levels by time:
     D:7: 2076 daAuts
     D:5: 1732 daAuts
     D:1: 1671 daAuts
     D:3: 1652 daAuts
     D:4: 1611 daAuts
     D:2: 1316 daAuts
    D:10: 1275 daAuts
     D:8: 1176 daAuts
     D:9: 1103 daAuts
     D:6: 771 daAuts
 Ossuary: 636 daAuts
  Temple: 112 daAuts
